 Dungeon Crawl Stone Soup version 0.31-a0-426-g3a05650e59 (webtiles) character file.

Game seed: 2970336937250611532

9 Flugkiller the Ruffian (level 2, 0/15 HPs)
             Began as a Vine Stalker Shapeshifter on July 30, 2023.
             Slain by a hobgoblin
             ... wielding a +0 mace
              (5 damage)
             ... on level 1 of the Dungeon.
             The game lasted 00:00:08 (48 turns).

Flugkiller the Ruffian (Vine Stalker Shapeshifter)    Turns: 48, Time: 00:00:08

Health: 0/15       AC:  2    Str: 17    XL:     2   Next: 16%
Magic:  0/3        EV: 12    Int:  8    God:
Gold:   4          SH:  0    Dex: 14    Spells: 1/1 levels left

rFire   . .          .
                       - Unarmed
rCold   . . .        (no shield)
rNeg    . . .        a - +0 animal skin
rPois   .            (helmet currently unavailable)
rElec   .            (cloak currently unavailable)
rCorr   .            (gloves currently unavailable)
SInv    .            (boots currently unavailable)
Will    .....        (no amulet)
Stlth   +            (no ring)
HPRegen 0.22/turn    (no ring)
MPRegen 0.08/turn

%: guardian spirit
@: beast-form
A: beast (slay +2), fangs 2, magic shield, antimagic bite, no potion heal 2
a: Begin Untransformation


You were on level 1 of the Dungeon.
You were a hulking beast.
You visited 1 branch of the dungeon, and saw 1 of its levels.

You collected 4 gold pieces.

Inventory:

Armour
 a - a +0 animal skin (worn)
Talismans
 c - a beast talisman (active)
Potions
 b - a potion of lignification


   Skills:
 + Level 2.0 Fighting
 - Level 1.5 Dodging
 - Level 3.0 Unarmed Combat
 - Level 3.0 Shapeshifting


You had one spell level left.
You didn't know any spells.
Your spell library was empty.

Dungeon Overview and Level Annotations

Branches:
Dungeon (1/15) Zot: 5952

Altars:


Innate Abilities, Weirdness & Mutations

You are a hulking beast.
Your limbs bulge with bestial killing power. (Slay +2)
You have extremely sharp teeth.
When hurt, damage is shared between your health and your magic reserves.
Your bite disrupts and absorbs the magic of your enemies.
Potions cannot restore your health.


Message History

Welcome, Flugkiller the Vine Stalker Shapeshifter.
Below lies the Orb of Zot, rumoured to be powerful enough to resurrect a god...
Press ? for a list of commands and other information.
Found a staircase leading out of the dungeon.
You now have 4 gold pieces.
Found 6 stones.
A dart slug comes into view.
A dart slug is nearby!
You hit the dart slug. You bite the dart slug. You drain its power.
The dart slug is moderately wounded.
You punch the dart slug!
You kill the dart slug!
Your Fighting skill increases to level 1!
No target in view!
No target in view!
No target in view!
No target in view!
No target in view!
Found a club.
An endoplasm comes into view.
The endoplasm quivers.
An endoplasm is nearby!
An endoplasm comes into view.
You hit the endoplasm. Your bite misses the endoplasm.
The endoplasm is severely wounded.
The endoplasm jiggles.
The endoplasm freezes you.
You are frozen.
You completely miss the endoplasm. You bite the endoplasm.
You kill the endoplasm!
The endoplasm quivers.
The endoplasm hits you.
You hit the endoplasm.
You bite the endoplasm, but do no damage.
The endoplasm is heavily wounded.
The endoplasm closely misses you.
An endoplasm is nearby!
You hit the endoplasm. You bite the endoplasm.
You kill the endoplasm!
A hobgoblin comes into view.
The hobgoblin shouts!
A kobold comes into view. It is wielding a +0 short sword.
The kobold shouts!
You hear a shout! x2
A hobgoblin comes into view.
The hobgoblin hits you but does no damage.
You closely miss the hobgoblin.
A rat comes into view.
The hobgoblin closely misses you.
You barely miss the hobgoblin. You bite the hobgoblin. You drain its power.
You feel invigorated.
The hobgoblin is moderately wounded.
The hobgoblin hits you.
You hit the hobgoblin but do no damage. Your bite misses the hobgoblin.
The hobgoblin is moderately wounded.
The hobgoblin closely misses you.
You closely miss the hobgoblin. You bite the hobgoblin.
You kill the hobgoblin!
You have reached level 2!
You miss the kobold. You bite the kobold.
You kill the kobold!
The rat barely misses you.
You completely miss the rat. You bite the rat.
You kill the rat!
You hit the hobgoblin but do no damage.
The hobgoblin hits you but does no damage.
You hit the hobgoblin.
The hobgoblin is severely wounded.
The hobgoblin misses you.
You hit the hobgoblin.
You kill the hobgoblin!
A hobgoblin comes into view. It is wielding a +0 mace.
Your Fighting skill increases to level 2!
You see here a +0 short sword.
You closely miss the hobgoblin. The hobgoblin barely misses you.
You closely miss the hobgoblin.
You bite the hobgoblin, but do no damage.
The hobgoblin hits you with a +0 mace!
You are too injured to fight recklessly!
A hobgoblin is nearby!
You are too injured to fight recklessly!
You are too injured to fight recklessly!
You hit the hobgoblin but do no damage. The hobgoblin hits you with a +0 mace.
* * * LOW HITPOINT WARNING * * *
You hit the hobgoblin but do no damage. Your bite misses the hobgoblin.
The hobgoblin hits you with a +0 mace.
You die...

####.....#.### ...#
....(........# ...#
...#.#.......#####...###
...#....................
.....#..................
...###..#.#.....†.......
...# #..#.##.###)......#
.. .........##.........
## ######.#####.h.......
#.# #.g....... #.#
..........# #.
####......## #.#...##
........ #..####.# #..
.#


You could see a hobgoblin.

Vanquished Creatures
  A dart slug (D:1)
  2 endoplasms (D:1)
  2 hobgoblins (D:1)
  A kobold (D:1)
  A rat (D:1)
7 creatures vanquished.

Notes
Turn   | Place    | Note
-------+----------+-------------------------------------------
     0 | D:1      | Flugkiller the Vine Stalker Shapeshifter began the quest
                  | for the Orb.
     0 | D:1      | Reached XP level 1. HP: 9/9 MP: 2/2
    16 | D:1      | Reached skill level 1 in Fighting
    37 | D:1      | Reached XP level 2. HP: 14/15 MP: 3/3
    48 | D:1      | Slain by a hobgoblin

Illustrated notes

Levels and vault maps discovered:
D:1:      lightli_arrival_chessboard, layout_loops_cross, serial_shops, shop

Skill      XL: |  1  2 |
---------------+-------+-----
Fighting       | 1 2 |  2.0
Dodging        | |  1.5
Unarmed Combat | |  3.0
Shapeshifting  | |  3.0

Action                     || total
---------------------------++-------
  Melee: Unarmed           ||    19
         Bite              ||     9
 Armour: Animal skin       ||     2
  Dodge: Dodged            ||     6

Table legend: (Time is in decaauts)
 A = Elapsed time spent in this place.
 B = Non-inter-level travel time spent in this place.
 C = Inter-level travel time spent in this place.
 D = Time resting spent in this place.
 E = Time spent auto-exploring this place.
 F = Levels seen in this place.
 G = Mean time per level.
                   A        B        C        D        E       F      G
               +--------+--------+--------+--------+--------+-----+--------+
         Total |     47 |     47 |      0 |      0 |     10 |   1 |   47.0 |
       Dungeon |     47 |     47 |      0 |      0 |     10 |   1 |   47.0 |
               +--------+--------+--------+--------+--------+-----+--------+

Top non-repeatable levels by time:
     D:1: 47 daAuts
